 Dungeon Crawl Stone Soup version 0.28.0-47-ge53b351184 (webtiles) character file.

Game seed: 9201730607595118053

44 bobregger the Skirmisher (level 3, 0/41 HPs)
             Began as an Ogre Berserker on Apr 30, 2022.
             Was a Follower of Trog.
             Slain by an orc
             ... wielding a +0 trident
              (2 damage)
             ... on level 2 of the Dungeon.
             The game lasted 00:01:31 (2324 turns).

bobregger the Skirmisher (Ogre Berserker)           Turns: 2324, Time: 00:01:32

Health: 0/41       AC:  3    Str: 21    XL:     3   Next: 62%
Magic:  3/3        EV: 10    Int:  8    God:    Trog [*.....]
Gold:   51         SH:  0    Dex: 10    Spells: 2/2 levels left

rFire   + . .      SeeInvis .   a - +0 mace
rCold   + . .      Faith    .   (no shield)
rNeg    . . .      Spirit   .   b - +0 animal skin
rPois   +          Reflect  .   (helmet restricted)
rElec   +          Harm     .   h - scarf {repulsion}
rCorr   +          Rampage  .   (gloves unavailable)
Will    .....                   (boots unavailable)
Stlth   +.........              (no amulet)
HPRegen 0.13/turn               (no ring)
MPRegen 0.08/turn               (no ring)

@: resistant, on berserk cooldown, slowed, repel missiles, very slow
A: large, unfitting armour, tough skin 1
a: Renounce Religion, Berserk


You were on level 2 of the Dungeon.
You worshipped Trog.
Trog was aware of your devotion.
You visited 1 branch of the dungeon, and saw 2 of its levels.

You collected 51 gold pieces.

Inventory:

Hand Weapons
 a - a +0 mace (weapon)
Armour
 b - a +0 animal skin (worn)
 h - a scarf of repulsion (worn)
Scrolls
 c - 2 scrolls of enchant weapon {unknown}
 d - a scroll of identify {unknown}
 e - a scroll of vulnerability {unknown}
 g - 3 scrolls of noise {unknown}
 i - a scroll of blinking {unknown}


   Skills:
 * Level 4.9 Fighting
 + Level 3.0 Maces & Flails
 * Level 3.3 Dodging


You had 2 spell levels left.
You didn't know any spells.
Your spell library was empty.

Dungeon Overview and Level Annotations

Branches:
Dungeon (2/15)

Altars:


Innate Abilities, Weirdness & Mutations

You are too large for most types of armour.
You have tough skin. (AC +1)


Message History

The orc misses you.
You closely miss the orc.
The orc shouts!
The orc hits you with a +0 short sword. The orc hits you with a +0 dagger.
You thump the orc!
You kill the orc!
Trog accepts your kill. The orc hits you with a +0 short sword.
An orc comes into view. It is wielding a +0 hand axe.
You closely miss the orc. The orc hits you but does no damage.
The orc hits you from afar with a +0 trident.
The orc hits you with a +0 short sword.
You closely miss the orc.
The orc hits you from afar with a +0 trident!
The orc barely misses you.
You thump the orc!
You kill the orc!
Trog accepts your kill. The orc hits you with a +0 short sword.
The orc hits you from afar with a +0 trident.
You sock the orc!
You kill the orc!
Trog accepts your kill. The orc hits you but does no damage.
The orc hits you from afar with a +0 trident!
* * * LOW HITPOINT WARNING * * *
Items here: ))) [ ††.
You feel a strong urge to attack something.
The orc hits you with a +0 trident!
* * * LOW HITPOINT WARNING * * *
You closely miss the orc. The orc hits you with a +0 trident.
* * * LOW HITPOINT WARNING * * *
You are too berserk!
You are no longer berserk.
You are exhausted.
You feel yourself slow down.
It was a potion of resistance.
You feel protected. The orc hits you with a +0 trident.
You die...

.. #. #. #. #. .. #.
##+#.# ###.##### ##...##
#...@o).# ##.....##
#.#..o#.# ##.......##
##..#.#
##.........##.#.....######
.........>.+.............#
#..........##.......######
#<#.......######.##.#
#.##.....## ####.#
#.###...## #.#


You could see 2 orcs.

Vanquished Creatures
  3 orcs (D:2)
  3 bats (D:1)
  A giant cockroach (D:1)
  3 goblins (D:1)
  2 hobgoblins (D:1)
  12 jackals (D:1)
  2 kobolds (D:1)
  2 quokkas (D:1)
  2 ball pythons (D:1)
  A frilled lizard (D:1)
  A quokka zombie (D:2)
  2 rats (D:1)
34 creatures vanquished.

Notes
Turn   | Place    | Note
-------+----------+-------------------------------------------
     0 | D:1      | bobregger the Ogre Berserker began the quest for the Orb.
     0 | D:1      | Reached XP level 1. HP: 24/24 MP: 1/1
   242 | D:1      | Reached XP level 2. HP: 26/32 MP: 2/2
   739 | D:1      | Reached XP level 3. HP: 15/40 MP: 3/3
  2322 | D:2      | HP: 3/61 [orc/+0 trident (5)]
  2324 | D:2      | Slain by an orc

Illustrated notes

Levels and vault maps discovered:
D:1:      evilmike_arrival_hilbert_curve, layout_basic
D:2:      layout_loops_corners, serial_undead, serial_undead_e, serial_undead_a,
          serial_undead_e, serial_undead_b, serial_undead_b, serial_undead_e,
          chequers_mini_garden, minmay_misc_feat_plants, dk_vineyard_1,
          minivault_19

Skill      XL: |  1  2  3 |
---------------+----------+-----
Dodging        | 3 |  3.3
Maces & Flails | 3 |  3.0
Fighting       | |  4.9

Action                   || total
-------------------------++-------
Melee: Mace              ||   113
Invok: Berserk           ||     2
  Use: Potion            ||     1
Armor: Animal skin       ||    45
Dodge: Dodged            ||   114
